 Dungeon Crawl Stone Soup version 0.30-a0-782-ge64f9170bb (webtiles) character file.

Game seed: 14055620143607778151

15290 funkygono the Thaumaturge (level 12, -1/62 HPs)
             Began as a Gargoyle Fire Elementalist on Mar 8, 2023.
             Was a Believer of Sif Muna.
             Slain by Snorg (13 damage)
             ... on level 2 of the Lair of Beasts.
             The game lasted 00:22:23 (10635 turns).

funkygono the Thaumaturge (GrFE)                   Turns: 10635, Time: 00:22:24

Health: -1/62      AC: 31    Str: 14    XL:     12   Next: 25%
Magic:  6/28       EV: 12    Int: 19    God:    Sif Muna [**....]
Gold:   1651       SH:  0    Dex: 10    Spells: 16/35 levels left

rFire   . . .      SeeInvis .    g - +4 whip
rCold   . . .      Faith    .    (no shield)
rNeg    + . .      Spirit   .    O - +1 steam dragon scales
rPois   ∞          Reflect  .    d - +2 helmet
rElec   +          Harm     .    r - +2 cloak
rCorr   .          Rampage  .    (no gloves)
Will    .....                    h - +2 pair of boots
Stlth   ++                       f - amulet of magic regeneration
HPRegen 0.30/turn                k - +4 ring of protection
MPRegen 0.61/turn                q - +4 ring of protection

@: no status effects
A: sickness immunity, AC +8, negative energy resistance 1, electricity
resistance, torment resistance 1, petrification resistance
a: Renounce Religion, Channel Magic


You were on level 2 of the Lair of Beasts.
You worshipped Sif Muna.
Sif Muna was pleased with you.
You visited 3 branches of the dungeon, and saw 14 of its levels.
You also visited: Ossuary.

You collected 1700 gold pieces.
You spent 49 gold pieces at shops.

Inventory:

Hand Weapons
 g - a +4 whip (weapon)
 I - the +0 hammer "Ucyweb" {flame, *Rage Will++}
   (You found it on level 7 of the Dungeon)

   *Rage:     It berserks you when you make melee attacks (+20% chance).
   Will:      It greatly increases your willpower.
Armour
 a - a +1 robe of cold resistance
 d - a +2 helmet (worn)
 h - a +2 pair of boots (worn)
 r - a +2 cloak (worn)
 x - a +2 leather armour of fire resistance
 B - a +2 robe of willpower
 O - +1 steam dragon scales (worn)
Magical Staves
 E - a staff of conjuration
Jewellery
 f - an amulet of magic regeneration (around neck)
 k - a +4 ring of protection (left hand)
 q - a +4 ring of protection (right hand)
 s - a ring of flight
 v - a ring of willpower
Wands
 b - a wand of charming (7)
 m - a wand of flame (41)
 y - a wand of iceblast (7)
 C - a wand of mindburst (13)
 D - a wand of polymorph (3)
Scrolls
 c - 5 scrolls of fear
 e - 3 scrolls of blinking
 o - a scroll of amnesia
 t - a scroll of poison
 w - 7 scrolls of teleportation
 z - a scroll of summoning
Potions
 i - a potion of berserk rage
 j - 2 potions of heal wounds
 l - 10 potions of curing
 n - a potion of brilliance
 p - a potion of resistance
 u - a potion of mutation
 G - 3 potions of might
 H - a potion of ambrosia
 M - 2 potions of haste {unknown}
 N - 2 potions of invisibility {unknown}


   Skills:
 + Level 2.1 Fighting
 + Level 1.2 Maces & Flails
 + Level 3.5 Dodging
 - Level 2.1 Stealth
 + Level 12.0 Spellcasting
 + Level 8.9 Conjurations
 + Level 11.9 Fire Magic
 + Level 0.1 Air Magic
 + Level 0.1 Poison Magic


You had 16 spell levels left.
You knew the following spells:

 Your Spells              Type           Power      Damage    Failure   Level
a - Foxfire               Conj/Fire      100%       2x1d9     1%          1
b - Scorch                Fire           100%       2d10      1%          2
c - Kindle Blastsparks    Fire/Tloc/Air  52%        2d14      3%          3
d - Flame Wave            Conj/Fire      50%        2d12      1%          4
e - Fireball              Conj/Fire      25%        3d11      2%          5
f - Poisonous Vapours     Pois/Air       22%        N/A       9%          2
g - Searing Ray           Conj           90%        2d7       1%          2

Your spell library contained the following spells:

 Spells                   Type           Power      Damage    Failure   Level
 Magic Dart               Conj           100%       1d8       1%          1
 Shock                    Conj/Air       100%       1d9       1%          1
 Static Discharge         Conj/Air       56%        2-5/arc   1%          2
 Inner Flame              Hex/Fire       34%        N/A       1%          3
 Mephitic Cloud           Conj/Pois/Air  23%        N/A       5%          3
 Slow                     Hex            44%        N/A       6%          1
 Fulminant Prism          Conj/Hex       14%        3d8       10%         4
 Starburst                Conj/Fire      25%        6d8       13%         6
 Swiftness                Air            11%        N/A       17%         3
 Confusing Touch          Hex            11%        N/A       19%         3
 Vampiric Draining        Necr           11%        2d6       19%         3
 Vhi's Electric Charge    Tloc/Air       22%        N/A       19%         3
 Arcjolt                  Conj/Air       14%        1d24      26%         5
 Lightning Bolt           Conj/Air       14%        1d27      26%         5
 Airstrike                Air            5%         2d(1-17)  50%         4
 Animate Armour           Summ/Erth      22%        N/A       52%         4
 Summon Ice Beast         Ice/Summ       11%        N/A       52%         4
 Iron Shot                Conj/Erth      14%        9d4       83%         6
 Blade Hands              Tmut           5%         N/A       86%         5
 Summon Mana Viper        Hex/Summ       11%        N/A       86%         5
 Monstrous Menagerie      Summ           5%         N/A       100%        7
 Cigotuvi's Dreadful Rot  Necr/Pois/Air  Unusable   N/A       N/A         2

Dungeon Overview and Level Annotations

Branches:
Dungeon (10/15)            Temple (1/1) D:6            Lair (3/5) D:9
 Shoals (0/4) Lair:2       Spider (0/4) Lair:2          Orc (0/2) D:10
Ossuary (visited)

Altars:
Ashenzari
Cheibriados
Dithmenos
Elyvilon
Fedhas
Gozag
Hepliaklqana
Kikubaaqudgha
Makhleb
Nemelex Xobeh
Okawaru
Qazlal
Ru
Sif Muna
Trog
Uskayaw
Vehumet
Wu Jian
Xom
Yredelemnul
Zin
The Shining One

Shops:
D:4 **

Annotations:
D:7 3 runed translucent doors, pedritolo's ghost, novice OpHu
Lair:2 Snorg


Innate Abilities, Weirdness & Mutations

You are immune to sickness and miasma.
Your stone body is resilient. (AC +8)
You are immune to poison.
You resist negative energy. (rN+)
You are resistant to electric shocks. (rElec)
You are resistant to unholy torment.
You are immune to petrification.


Message History

A wave of flame ripples out!
The flame wave engulfs Snorg.
Snorg is severely wounded.
You finish channelling waves of flame.
You hear a croak.
You hear a howl!
Snorg misses you. Snorg claws you. Snorg claws you but does no damage.
You feel much better.
A polar bear comes into view.
Snorg goes berserk!
You barely miss Snorg.
Snorg is severely wounded.
Snorg barely misses you. x2; Snorg claws you but does no damage.
Snorg barely misses you. Snorg claws you! Snorg claws you but does no damage.
There is a stone staircase leading up here.
Snorg bites you but does no damage. Snorg closely misses you.
Snorg claws you but does no damage.
You climb upwards.
There is a stone staircase leading down here.
You hit Snorg.
Snorg is severely wounded.
Snorg bites you but does no damage. Snorg claws you! Snorg barely misses you.
Snorg bites you! Snorg claws you but does no damage. x2
Casting: Flame Wave (dangerous; 1% risk of failure)
Confirm with . or Enter, or press ? or * to list all spells.
You conjure some foxfire!
Snorg bites you!
* * * LOW HITPOINT WARNING * * *
Snorg barely misses you. Snorg claws you but does no damage.
The foxfire hits Snorg!
Snorg is severely wounded.
The foxfire hits Snorg.
Snorg is severely wounded.
Snorg misses you. Snorg claws you but does no damage. Snorg misses you.
Snorg attacks as you move away! Snorg bites you!
* * * LOW HITPOINT WARNING * * *
Snorg claws you but does no damage. x2
You feel much better. Snorg barely misses you. Snorg claws you!
* * * LOW HITPOINT WARNING * * *
Snorg closely misses you. Snorg bites you.
* * * LOW HITPOINT WARNING * * *
Snorg misses you. Snorg claws you!
You die...

......+...8...##................#
......#.........#..#....>.......P
.....#.###......#................
..####.#.##...8..##.####.........
.....#...............8.##....#...
...........(..............#P.#...
P........8..8.>.8....<.8#....^^..
##.............T........#........
#...#..........@.#..8.#.........
##...##..#...8..#.#######.......
###...####.......#......#........
......#........##....#........^..
##P.......8....#.....#...........
###..........##...#..#^.P.....###
##.........###P..##+...P....###^
#....#...### ##........#.....###
###...##### #........#......^#


You could see Snorg (berserk).

Vanquished Creatures
  A hydra (Lair:2)
  A lindwurm (Lair:2)
  3 merfolk sirens (Lair:2)
  4 black mambas
  7 cane toads
  A rime drake (Lair:2)
  2 komodo dragons
  A troll (D:9)
  A merfolk (Lair:2)
  A vampire (D:8)
  2 shadows (D:10)
  11 yaks
  A steam dragon (D:9)
  2 basilisks (Lair:2)
  3 wyverns
  3 redbacks (Lair:2)
  Edmund (D:6)
  6 water moccasins
  Duvessa (D:6)
  5 orc warriors
  A sky beast (D:6)
  An ice beast (D:8)
  4 wolves (Lair:1)
  An ogre (D:5)
  2 centaurs
  3 phantoms (D:5)
  3 elf zombies (Ossuary)
  A kobold brigand (D:10)
  2 necrophages
  13 bullfrogs
  2 gnoll sergeants
  A wyvern zombie (D:5)
  3 scorpions
  4 wights (D:9)
  Dowan (D:6)
  4 howler monkeys
  3 hounds
  9 orc priests
  A jelly (D:4)
  Crazy Yiuf (D:7)
  3 gnoll boudas
  2 iguanas (D:5)
  5 orc wizards
  A hound zombie (D:5)
  2 hound skeletons (D:5)
  4 mummies (Ossuary)
  20 gnolls
  9 adders
  A shadow imp (D:7)
  3 white imps
  An ufetubus (D:5)
  2 adder zombies (Ossuary)
  2 adder skeletons (D:5)
  A worm (D:2)
  A dart slug (D:2)
  21 orcs
  7 endoplasms
  A giant cockroach (D:4)
  11 goblins
  9 hobgoblins
  8 jackals
  13 kobolds
  6 quokkas
  5 ball pythons
  5 bats
  8 frilled lizards
  3 hobgoblin zombies (Ossuary)
  A kobold zombie (Ossuary)
  2 orc zombies (Ossuary)
  A quokka zombie (D:6)
  11 rats
  2 rat zombies
288 creatures vanquished.

Vanquished Creatures (collateral kills)
  5 foxfires
5 creatures vanquished.

Vanquished Creatures (others)
  A centaur (D:9)
  5 gnolls (D:9)
  1140 foxfires
  7 fungi
  4 plants
1157 creatures vanquished.

Grand Total: 1450 creatures vanquished

Notes
Turn   | Place    | Note
-------+----------+-------------------------------------------
     0 | D:1      | funkygono the Gargoyle Fire Elementalist began the quest
                  | for the Orb.
     0 | D:1      | Reached XP level 1. HP: 10/10 MP: 3/3
   168 | D:1      | Reached XP level 2. HP: 15/15 MP: 3/5
   171 | D:1      | Learned a level 2 spell: Scorch
   552 | D:1      | Reached XP level 3. HP: 11/19 MP: 0/6
  1099 | D:2      | Reached XP level 4. HP: 24/24 MP: 3/8
  1258 | D:2      | Found a faded altar of an unknown god.
  1355 | D:2      | Reached skill level 3 in Spellcasting
  1545 | D:2      | Found a snail-covered altar of Cheibriados.
  1876 | D:3      | Reached XP level 5. HP: 28/28 MP: 9/9
  1880 | D:3      | Learned a level 3 spell: Kindle Blastsparks
  1885 | D:3      | Learned a level 4 spell: Flame Wave
  2729 | D:4      | Reached XP level 6. HP: 33/33 MP: 6/11
  2777 | D:4      | Found Jichaur's General Store.
  2784 | D:4      | Reached skill level 4 in Spellcasting
  2799 | D:4      | Found Polupsoe's Specific Store.
  2809 | D:4      | Bought a +0 cloak for 49 gold pieces
  2950 | D:4      | Found a sparkling altar of Nemelex Xobeh.
  3105 | D:5      | Entered Level 5 of the Dungeon
  3140 | D:5      | Reached XP level 7. HP: 37/37 MP: 7/14
  3187 | D:5      | Reached skill level 5 in Spellcasting
  3197 | D:5      | Reached skill level 5 in Fire Magic
  3416 | D:5      | Reached XP level 8. HP: 38/42 MP: 9/16
  3715 | D:5      | Reached skill level 6 in Spellcasting
  3792 | D:5      | Found a snail-covered altar of Cheibriados.
  3963 | D:5      | Identified the +5 broad axe "Hunk" {freeze, Fly Dex+2 SInv
                  | Stlth+}
  4097 | D:6      | Found a staircase to the Ecumenical Temple.
  4137 | D:6      | Found a sand-covered staircase.
  4145 | Ossuary  | Entered an ossuary
  4208 | Ossuary  | Reached skill level 1 in Fighting
  4208 | Ossuary  | Reached skill level 5 in Conjurations
  4497 | D:6      | Noticed Dowan
  4500 | D:6      | Noticed Duvessa
  4508 | D:6      | Killed Dowan
  4509 | D:6      | Reached skill level 7 in Spellcasting
  4509 | D:6      | Reached XP level 9. HP: 47/47 MP: 14/19
  4517 | D:6      | Killed Duvessa
  4740 | D:6      | Found a sacrificial altar of Ru.
  4870 | D:6      | Noticed Edmund
  4891 | D:6      | Killed Edmund
  5152 | D:7      | Noticed a kobold demonologist
  5152 | D:7      | Noticed pedritolo's ghost (novice OpHu)
  5159 | D:7      | Found a runed translucent gate.
  5171 | D:7      | Found a runed translucent gate.
  5542 | D:7      | Found a runed translucent gate.
  5767 | D:7      | Found a runed translucent door.
  5772 | D:7      | Identified the +0 hammer "Ucyweb" {flame, *Rage Will++}
  5775 | D:7      | Noticed Crazy Yiuf
  5780 | D:7      | Killed Crazy Yiuf
  6291 | D:8      | Reached skill level 8 in Spellcasting
  6777 | D:8      | Reached XP level 10. HP: 50/52 MP: 18/22
  6787 | D:8      | Found a shimmering altar of Xom.
  6787 | D:8      | Found a blossoming altar of Fedhas.
  6787 | D:8      | Found a hide-covered altar of Uskayaw.
  6795 | D:8      | Learned a level 5 spell: Fireball
  6795 | D:8      | Found an ornate altar of the Wu Jian Council.
  6797 | D:8      | Found a glowing silver altar of Zin.
  6797 | D:8      | Found a glowing golden altar of the Shining One.
  6798 | D:8      | Found a basalt altar of Yredelemnul.
  6978 | Temple   | Entered the Ecumenical Temple
  6995 | Temple   | Became a worshipper of Sif Muna the Loreminder
  7070 | D:8      | Learned a level 2 spell: Poisonous Vapours
  7477 | D:9      | Found a staircase to the Lair.
  7508 | D:9      | Reached skill level 9 in Spellcasting
  7804 | D:10     | Entered Level 10 of the Dungeon
  7998 | D:10     | Found a staircase to the Orcish Mines.
  8429 | D:10     | Found a bloodstained altar of Trog.
  8557 | Lair:1   | Entered Level 1 of the Lair of Beasts
  8559 | Lair:1   | Noticed a black mamba
  8565 | Lair:1   | Killed a black mamba
  8620 | Lair:1   | Noticed a black mamba
  8625 | Lair:1   | Killed a black mamba
  8625 | Lair:1   | Reached * piety under Sif Muna
  8626 | Lair:1   | Noticed a cane toad
  8634 | Lair:1   | Killed a cane toad
  8635 | Lair:1   | Reached skill level 10 in Spellcasting
  8781 | Lair:1   | Noticed a cane toad
  8784 | Lair:1   | Killed a cane toad
  8785 | Lair:1   | Reached skill level 10 in Fire Magic
  8785 | Lair:1   | Reached XP level 11. HP: 57/57 MP: 21/25
  8886 | Lair:1   | Reached skill level 1 in Maces & Flails
  9571 | Lair:2   | Noticed a four-headed hydra
  9582 | Lair:2   | Killed a four-headed hydra
  9595 | Lair:2   | Reached skill level 11 in Spellcasting
  9748 | Lair:2   | Found a hole to the Spider Nest.
  9793 | Lair:2   | Learned a level 2 spell: Searing Ray
  9848 | Lair:2   | Reached ** piety under Sif Muna
  9919 | Lair:2   | Noticed a lindwurm
  9929 | Lair:2   | Killed a lindwurm
 10166 | Lair:2   | Reached XP level 12. HP: 50/62 MP: 19/27
 10204 | Lair:2   | Found a staircase to the Shoals.
 10547 | Lair:2   | Identified a scroll of acquirement
 10547 | Lair:2   | Acquired 743 gold pieces
 10608 | Lair:3   | Noticed Snorg
 10620 | Lair:3   | Reached skill level 12 in Spellcasting
 10634 | Lair:2   | HP: 1/62 [Snorg (11)]
 10635 | Lair:2   | Slain by Snorg

Illustrated notes

Levels and vault maps discovered:
D:1:      dpeg_arrival_ratfight, layout_basic
D:2:      layout_loops_cross, basic_altar, ebering_ecumenical_altar_mist,
          kennysheep_generic_room_5
D:3:      wad_pebble_path, layout_loops_ring, chequers_serial_rivers_room_a,
          minmay_misc_feat_plants, minmay_misc_feat_hallway
D:4:      layout_rooms, mainiacjoe_overflow_chevrons, nicolae_specific_store
D:5:      layout_loops_ring, nicolae_overflow_crystal_walls, serial_undead,
          serial_undead_d, serial_undead_d, serial_undead_d, serial_undead_f,
          minmay_misc_feat_iff, minmay_crossroads
D:6:      layout_rooms, mainiacjoe_overflow_tiny_flanked,
          minmay_temple_entry_ruins, enter_ossuary_4, uniq_duvessa, uniq_edmund
D:7:      layout_basic, gammafunk_ghost_nasty_kobolds, lemuel_flamethrower_2,
          uniq_crazy_yiuf_cottage
D:8:      cheibrodos_quashed, layout_loops_cross, grunt_temple_overflow_open,
          nzn_life_drinkers
D:9:      layout_roguey, lair_entry_dummy, lemuel_flamethrower_hall
D:10:     layout_basic, general_overflow_altar, orc_david_3
Temple:   nicolae_temple_ecumenical_triangle
Lair:1:   layout_gridlike, st_stairs_4
Lair:2:   layout_chaotic_city, elwin_shoals_entry_stream,
          spider_nest_entry_webs, eino_small_chamber_without_monster,
          grunt_megastairs_3
Lair:3:   dreamdust_labyrinth, layout_regular_city, worms_lemuel,
          grunt_megastairs_2, uniq_kirke, uniq_nessos, uniq_snorg

Skill      XL: |  1  2  3  4  5  6  7  8  9 10 11 12 |
---------------+-------------------------------------+-----
Dodging        | 2 3 |  3.5
Conjurations   | 2 3 4 5 6 7 8 |  8.9
Spellcasting   | 3 4 5 7 8 10 11 12 | 12.0
Fire Magic     | 4 5 6 8 10 11 | 11.9
Fighting       | 1 2 |  2.1
Maces & Flails | 1 |  1.2
Stealth        | |  2.1
Air Magic      | |  0.1
Poison Magic   | |  0.1

Action                     |  1- 3 |  4- 6 |  7- 9 | 10-12 || total
---------------------------+-------+-------+-------+-------++-------
  Melee: Unarmed           |     1 |       |       |       ||     1
         Club              |     7 |       |       |       ||     7
         Whip              |       |     1 |    20 |    10 ||    31
   Cast: Foxfire           |    51 |   126 |   252 |   225 ||   654
         Scorch            |     2 |    17 |    63 |    70 ||   152
         Kindle Blastspark |       |     1 |       |       ||     1
         Flame Wave        |       |       |    10 |    26 ||    36
         Fireball          |       |       |       |     1 ||     1
         Poisonous Vapours |       |       |       |     3 ||     3
    Use: Scroll            |       |    11 |    13 |     9 ||    33
         Potion            |       |       |     2 |     2 ||     4
 Armour: Robe              |    26 |     7 |    93 |     4 ||   130
         Steam dragon scal |       |       |       |    79 ||    79
  Dodge: Dodged            |    45 |    23 |    90 |    99 ||   257

Table legend: (Time is in decaauts)
 A = Elapsed time spent in this place.
 B = Non-inter-level travel time spent in this place.
 C = Inter-level travel time spent in this place.
 D = Time resting spent in this place.
 E = Time spent auto-exploring this place.
 F = Levels seen in this place.
 G = Mean time per level.
                   A        B        C        D        E       F      G
               +--------+--------+--------+--------+--------+-----+--------+
         Total |  10641 |  10105 |    536 |    213 |   7777 |  15 |  709.4 |
       Dungeon |   8219 |   7776 |    443 |    159 |   6030 |  10 |  821.9 |
        Temple |     40 |     30 |     10 |      0 |     21 |   1 |   40.0 |
          Lair |   2080 |   1998 |     82 |     54 |   1537 |   3 |  693.3 |
       Ossuary |    301 |    301 |      0 |      0 |    189 |   1 |  301.0 |
               +--------+--------+--------+--------+--------+-----+--------+

Top non-repeatable levels by time:
     D:7: 1135 daAuts
  Lair:2: 1121 daAuts
     D:1: 1069 daAuts
     D:5: 932 daAuts
  Lair:1: 919 daAuts
     D:6: 886 daAuts
     D:9: 808 daAuts
     D:2: 749 daAuts
     D:3: 694 daAuts
     D:8: 689 daAuts
    D:10: 662 daAuts
     D:4: 590 daAuts
 Ossuary: 301 daAuts
  Temple: 40 daAuts
  Lair:3: 39 daAuts
